 Dungeon Crawl Stone Soup version 0.28.0-53-g5a82cb258f (console) character file.

Game seed: 7554810110818356862

366705 erker the Gnoll Aeon (level 22, -3/247 HPs)
             Began as a Gnoll Earth Elementalist on July 20, 2022.
             Was the Champion of Cheibriados.
             Slain by an ancient lich (6 damage)
             ... on level 5 of the Vaults on July 21, 2022.
             The game lasted 04:48:08 (48747 turns).

erker the Gnoll Aeon (Gnoll Earth Elementalist)    Turns: 48747, Time: 04:48:08

Health: -3/247     AC: 35    Str: 23    XL:     22   Next: 57%
Magic:  35/50      EV: 30    Int: 47    God:    Cheibriados [******]
Gold:   4946       SH:  0    Dex: 30    Spells: 1/52 levels left

rFire   + . .      SeeInvis .   c - +2 lajatang (spect)
rCold   + . .      Faith    .   (shield currently unavailable)
rNeg    + . .      Spirit   .   (armour currently unavailable)
rPois   ∞          Reflect  .   Z - +2 helmet {Int+3}
rElec   +          Harm     .   P - scarf {rC+ rF+}
rCorr   .          Rampage  .   (gloves currently unavailable)
Will    +....                   (boots currently unavailable)
Stlth   +++++++...              T - amulet of Vitality {Regen+ HP+15}
HPRegen 1.31/turn               U - ring of magical power
MPRegen 0.32/turn               h - +6 ring of intelligence

@: statue-form, corroded, slowed, studying Shields, very slow
A: slow and powerful, torment resistance 1, boosted hp, fangs 1, strong nose,
distributed training
}: 2/15 runes: decaying, gossamer
a: End Transformation, Renounce Religion, Bend Time, Temporal Distortion,
Slouch, Step From Time


You were on level 5 of the Vaults.
You worshipped Cheibriados.
Cheibriados was exalted by your worship.
You were a living statue of rough stone.
You visited 7 branches of the dungeon, and saw 39 of its levels.
You visited 1 bazaar.
You also visited: Ice Cave and Volcano.

You collected 6602 gold pieces.
You spent 1656 gold pieces at shops.

Inventory:

Hand Weapons
 a - a +4 dagger of venom
 c - a +2 spectral lajatang (weapon)
 g - the +1 scimitar of Starshine {venom, *Corrode rElec rN+ SInv}
   (You found it on level 4 of the Swamp)

   It poisons the flesh of those it strikes.
   rElec:     It insulates you from electricity.
   rN:        It protects you from negative energy.
   SInv:      It lets you see invisible.
   *Corrode:  It may corrode you when you take damage.
 w - a +3 demon blade of flaming
 V - a +4 double sword of holy wrath
Missiles
 J - 44 poisoned darts (quivered)
 X - 4 curare-tipped darts
Armour
 d - the +2 cloak of the Thief {*Fog Slay-2 SInv Stlth+}
   (You bought it in a shop in a bazaar)

   It may release a thick cloud of smoke when the wearer is hurt.
   Slay:      It affects your accuracy & damage with ranged weapons and melee
   (-2).
   SInv:      It lets you see invisible.
   Stlth:     It makes you more stealthy.
 q - a +0 robe of the Archmagi (melded)
 r - the +13 chain mail of the Nexus {rPois MP+9 Dex-5}
   (You took it off a deep elf blademaster on level 3 of the Elven Halls)

   Dex:       It affects your dexterity (-5).
   rPois:     It protects you from poison.
   MP:        It affects your magic capacity (+9).
 C - an orb of energy
 P - a scarf of resistance (worn)
 Z - a +2 helmet of intelligence (worn)
Jewellery
 h - a +6 ring of intelligence (right fist)
 D - a ring of positive energy
 E - a ring of resist corrosion
 T - the amulet of Vitality (around neck) {Regen+ HP+15}
   (You found it on level 6 of the Lair of Beasts)

   [amulet of regeneration]

   HP:        It affects your health (+15).
   Regen:     It increases your rate of health regeneration.
 U - a ring of magical power (left fist)
 Y - a ring of willpower
Wands
 x - a wand of mindburst (59)
 F - a wand of paralysis (17)
 G - a wand of digging (13)
 Q - a wand of acid (17)
 R - a wand of iceblast (3)
 W - a wand of charming (13)
Scrolls
 f - 5 scrolls of enchant weapon
 k - a scroll of fear
 l - 9 scrolls of enchant armour
 m - 2 scrolls of summoning
 s - 5 scrolls of blinking
 t - 15 scrolls of teleportation
 u - 4 scrolls of brand weapon
 z - 5 scrolls of vulnerability
 A - 8 scrolls of magic mapping
 L - 8 scrolls of fog
 O - 6 scrolls of silence
 S - 4 scrolls of amnesia
Potions
 i - 9 potions of curing
 j - 8 potions of brilliance
 n - 3 potions of invisibility
 p - 6 potions of attraction
 v - 5 potions of might
 y - a potion of cancellation
 H - 7 potions of ambrosia
 I - 5 potions of magic
 K - 4 potions of heal wounds
 M - 6 potions of mutation
 N - 3 potions of resistance
Miscellaneous
 b - a lightning rod (4/4)
 e - a box of beasts
 o - a condenser vane
 B - a tin of tremorstones (2/2)


   Skills:
 + Level 15.1 Fighting
 + Level 15.1 Short Blades
 + Level 15.1 Long Blades
 + Level 15.1 Axes
 + Level 15.1 Maces & Flails
 + Level 15.1 Polearms
 + Level 15.1 Staves
 + Level 15.1 Slings
 + Level 15.1 Bows
 + Level 15.1 Crossbows
 + Level 15.1 Throwing
 + Level 15.1 Armour
 + Level 15.7 Dodging
 + Level 15.7 Stealth
 + Level 15.5 Shields
 + Level 15.1 Unarmed Combat
 + Level 15.9 Spellcasting
 + Level 12.9 Conjurations
 + Level 12.9 Hexes
 + Level 12.9 Summonings
 + Level 12.9 Necromancy
 + Level 12.9 Translocations
 + Level 13.0 Transmutations
 + Level 12.9 Fire Magic
 + Level 12.9 Ice Magic
 + Level 12.9 Air Magic
 + Level 13.9 Earth Magic
 + Level 12.9 Poison Magic
 + Level 16.4 Invocations
 + Level 15.1 Evocations


You had one spell level left.
You knew the following spells:

 Your Spells              Type           Power      Damage    Failure   Level
a - Sandblast             Erth           100%       2d20      0%          1
b - Borgnjor's Vile Clut  Necr/Erth      52%        N/A       1%          5
c - Ozocubu's Armour      Ice            100%       N/A       0%          3
d - Lehudib's Crystal Sp  Conj/Erth      52%        10d12     16%         8
o - Sublimation of Blood  Necr           100%       N/A       0%          2
p - Petrify               Tmut/Erth      100%       N/A       1%          4
r - Ozocubu's Refrigerat  Ice            51%        4d15      2%          7
s - Statue Form           Tmut/Erth      70%        N/A       1%          6
t - Spellforged Servitor  Conj/Summ      51%        N/A       2%          7
v - Summon Mana Viper     Hex/Summ       100%       N/A       1%          5
w - Passwall              Tmut/Erth      87%        N/A       0%          2
x - Apportation           Tloc           100%       N/A       0%          1

Your spell library contained the following spells:

 Spells                   Type           Power      Damage    Failure   Level
 Animate Skeleton         Necr           100%       N/A       0%          1
 Foxfire                  Conj/Fire      100%       2x1d9     0%          1
 Pain                     Necr           100%       1d9       0%          1
 Sting                    Tmut/Pois      100%       1d8       0%          1
 Corpse Rot               Necr/Air       100%       N/A       0%          2
 Ensorcelled Hibernation  Hex/Ice        100%       N/A       0%          2
 Poisonous Vapours        Pois/Air       100%       N/A       0%          2
 Wereblood                Tmut           100%       N/A       0%          2
 Conjure Flame            Conj/Fire      100%       6-21      0%          3
 Dazzling Flash           Conj/Hex       100%       N/A       0%          3
 Frozen Ramparts          Ice            100%       1d12      0%          3
 Gell's Gravitas          Tloc           100%       N/A       0%          3
 Ignite Poison            Fire/Tmut/Pois 100%       N/A       0%          3
 Inner Flame              Hex/Fire       100%       N/A       0%          3
 Lesser Beckoning         Tloc           100%       N/A       0%          3
 Mephitic Cloud           Conj/Pois/Air  100%       N/A       0%          3
 Spider Form              Tmut/Pois      100%       N/A       0%          3
 Stone Arrow              Conj/Erth      100%       3d13      0%          3
 Summon Guardian Golem    Hex/Summ       100%       N/A       0%          3
 Swiftness                Air            100%       N/A       0%          3
 Teleport Other           Tloc           100%       N/A       0%          3
 Animate Dead             Necr           51%        N/A       1%          4
 Flame Wave               Conj/Fire      100%       2d17      1%          4
 Ice Form                 Ice/Tmut       100%       N/A       1%          4
 Iskenderun's Mystic Bla  Conj/Tloc      100%       2d19      1%          4
 Olgreb's Toxic Radiance  Pois           100%       N/A       1%          4
 Passage of Golubria      Tloc           100%       N/A       1%          4
 Summon Ice Beast         Ice/Summ       100%       N/A       1%          4
 Agony                    Necr           100%       N/A       1%          5
 Alistair's Intoxication  Tmut/Pois      68%        N/A       1%          5
 Excruciating Wounds      Necr           51%        N/A       1%          5
 Freezing Cloud           Conj/Ice/Air   51%        6-21      1%          5
 Metabolic Englaciation   Hex/Ice        51%        N/A       1%          5
 Silence                  Hex/Air        51%        N/A       1%          5
 Summon Forest            Summ/Tloc      51%        N/A       1%          5
 Death Channel            Necr           51%        N/A       1%          6
 Eringya's Noxious Bog    Tmut/Pois      51%        N/A       1%          6
 Starburst                Conj/Fire      51%        6d14      1%          6
 Haunt                    Necr/Summ      51%        N/A       2%          7
 Monstrous Menagerie      Summ           51%        N/A       2%          7
 Orb of Destruction       Conj           51%        9d13      2%          7
 Summon Hydra             Summ           51%        N/A       2%          7
 Ignition                 Fire           51%        3d14      21%         8
 Infestation              Necr           51%        N/A       21%         8
 Shatter                  Erth           53%        3d40*     89%         9
 Death's Door             Necr           51%        N/A       97%         9


Dungeon Overview and Level Annotations

Branches:
Dungeon (15/15)            Temple (0/1) D:6            Lair (6/6) D:9
  Swamp (4/4) Lair:2       Spider (4/4) Lair:3        Slime (0/5) Lair:6
    Orc (2/2) D:11            Elf (3/3) Orc:2        Vaults (5/5) D:13
  Crypt (0/3) Vaults:2     Depths (0/4) D:15          IceCv (visited)
Volcano (visited)

Altars:
Cheibriados
Elyvilon
Gozag
Hepliaklqana
Kikubaaqudgha
Makhleb
Nemelex Xobeh
Okawaru
Sif Muna
Trog
Vehumet
Xom
Zin
Beogh

Shops:
D:8 ?   Orc:2 (?:=(   Elf:3 ?   Vaults:2 *[(   Vaults:3 (   Vaults:5 !!

Annotations:
D:5 exclusion: two-headed ogre
D:7 2 transporters, kthxbai's ghost, novice FoFi
D:13 exclusion: ugly thing
D:14 exclusion: deep elf pyromancer
Lair:2 Nergalle
Vaults:2 3 runed translucent doors, jlumianski's ghost, veteran KoBe


Innate Abilities, Weirdness & Mutations

You are a living statue of rough stone.
Your actions are slow, but your melee attacks are powerful.
You are resistant to unholy torment.
Your maximum health is greatly increased.
You are immune to poison.
Your equipment is partially melded.
You have very sharp teeth.
Your uncanny sense of smell can sniff out nearby items.
Your experience applies equally to all skills.


Message History

The white very ugly thing basks in the mutagenic energy from its kin and changes!
Something touches you!
* * * LOW HITPOINT WARNING * * *
Okay, then.
Unknown command.
Unknown command.
Unknown command.
Unknown command.
Unknown command.
You feel much better. Something barely misses you.
The war gargoyle launches metal splinters at you.
The spray of metal splinters misses you.
You hear some strange, mumbled words.
A bolt of acid appears from out of thin air!
The bolt of acid misses you.
You feel much better.
Something touches you but does no damage.
The war gargoyle misses you.
You hear some strange, mumbled words.
A bolt of acid appears from out of thin air!
The bolt of acid misses you.
Something gores your spellforged servitor but does no damage.
A sphinx comes into view.
Something completely misses you.
The war gargoyle hits you with a +0 morningstar!
* * * LOW HITPOINT WARNING * * *
The sphinx casts a spell.
You feel yourself slow down.
You hear some strange, mumbled words.
A bolt of acid appears from out of thin air!
The bolt of acid hits you!!!
* * * LOW HITPOINT WARNING * * *
The war gargoyle completely misses you.
The sphinx casts a spell.
You feel as though you will be slow longer.
Something gores your spellforged servitor.
Something freezes your spellforged servitor!
Your spellforged servitor resists.
Something touches you.
You die...

..[.... ......... [!.......
.######################
....p†u§u9....§§§......
...pupu§..9..§§§§§.....
...#####..#####9§#
...#...#..# ∆ #9{#
...#...#.9# ^#§8#
...##'##).##'##§§## ∆
.....)....†......H
........).......... ...#
...##'##..##'##..##'##...#..#
...#...#..#...#..#...#$..#..#
...#.∩.#..#. .#..#...#...#..#
...#...#..# .#..#...#...#..#
...##'##..#####).##+##...#..#


You could see a sphinx, a war gargoyle and a friendly spellforged servitor
(summoned).

Vanquished Creatures
  An ancient lich (Vaults:5)
  the Lernaean hydra (Swamp:4)
  Bai Suzhen (Elf:3)
  Nikola (Spider:4)
  3 tentacled monstrosities (Swamp:3)
  3 deep elf blademasters
  The ghost of zielscheibe the Fighter, an adept DgIE (Swamp:4)
  A thorn hunter (Swamp:4)
  3 shadow dragons
  Kirke (D:14)
  2 storm dragons (Vaults:5)
  Donald (Spider:1)
  2 sphinxes (Vaults:4)
  A fenstrider witch (Swamp:3)
  7 deep elf sorcerers
  8 emperor scorpions
  A frost giant (Vaults:4)
  An orc warlord (Vaults:1)
  17 vault wardens
  A caustic shrike zombie (D:15)
  5 deep elf elementalists (Elf:3)
  6 ghost moths
  2 broodmothers (Spider:4)
  3 war gargoyles
  13 very ugly things
  A stone giant (Volcano)
  12 ironbound thunderhulks
  15 ironbound preservers
  5 eleionomae
  A caustic shrike skeleton (D:15)
  6 deep elf demonologists
  10 deep elf annihilators
  8 dire elephants
  2 spark wasps
  2 bunyips
  A spark wasp (shapeshifter) (D:12)
  2 ettins (Vaults:5)
  7 deep elf high priests
  4 deep elf death magi
  A fire dragon (D:14)
  A shambling mangrove (Swamp:1)
  2 great orbs of eyes (Vaults:2)
  13 yaktaur captains
  37 vault guards
  A rakshasa (D:13)
  9 boulder beetles
  Harold (D:9)
  A catoblepas (D:15)
  11 hydras
  A spriggan air mage (Swamp:2)
  3 ghost crabs
  A radroach (Spider:4)
  2 peacekeepers
  An anaconda (shapeshifter) (Vaults:5)
  An alligator snapping turtle (shapeshifter) (Vaults:5)
  A deep troll earth mage (Vaults:5)
  8 ironbound frosthearts
  3 two-headed ogres
  6 centaur warriors
  2 vampire magi
  6 alligators
  18 dancing weapons
  4 tengu warriors
  An orc high priest (Elf:1)
  3 spriggans (Swamp:2)
  17 deep elf knights
  7 skeletal warriors
  4 pharaoh ants
  5 steelbarb worms
  27 deep trolls
  3 goliath frogs
  A lindwurm (shapeshifter) (Vaults:5)
  3 orb spiders
  4 large abominations (Elf:1)
  An orange crystal statue (IceCv)
  5 deep elf archers
  5 bog bodies
  An obsidian statue (D:15)
  3 spriggan druids
  2 phantasmal warriors
  3 harpies (Vaults:2)
  14 ironbound convokers
  5 necromancers
  11 swamp dragons
  7 lindwurms
  8 wizards
  14 deep elf zephyrmancers
  22 deep elf pyromancers
  38 ugly things
  A fire giant zombie (D:15)
  26 wolf spiders
  3 will-o-the-wisps
  5 orc knights
  2 cyclopes (D:12)
  2 manticores
  3 orc sorcerers
  A shadow dragon skeleton (Vaults:2)
  5 moths of wrath
  A stone giant skeleton (Vaults:2)
  3 black mambas
  8 elephants
  3 torpor snails
  4 elf zombies
  An ice statue (Elf:2)
  8 cane toads
  3 gargoyles
  13 vault sentinels
  5 komodo dragons
  6 efreet
  An unseen horror (D:12)
  6 demonic crawlers
  31 yaktaurs
  A tengu conjurer (D:14)
  4 freezing wraiths
  2 rime drakes
  An anaconda simulacrum (IceCv)
  A golden dragon simulacrum (IceCv)
  9 trolls
  A wind drake (shapeshifter) (D:12)
  2 polar bears
  22 meliai
  9 tyrant leeches
  An ettin zombie (Vaults:2)
  A tarantella (shapeshifter) (D:12)
  12 tarantellas
  23 slime creatures
  5 hornets
  10 blink frogs
  A dream sheep (shapeshifter) (Elf:3)
  Sigmund (D:4)
  3 air elementals
  17 jumping spiders
  22 culicivoras
  A shadow (D:11)
  A vampire (D:12)
  A spriggan skeleton (D:15)
  2 water elementals
  A dire elephant simulacrum (IceCv)
  A hog (D:14)
  5 wraiths
  18 yaks
  A wyvern (Lair:3)
  5 fire elementals
  9 vampire mosquitoes
  3 basilisks
  A harpy simulacrum (IceCv)
  52 redbacks
  26 swamp worms
  A warg (Orc:2)
  3 acid dragons
  6 water moccasins
  7 orc warriors
  7 swamp drakes
  A black bear (shapeshifter) (Elf:3)
  A sky beast (D:5)
  3 ice beasts
  2 necrophages
  2 alligator simulacra (IceCv)
  4 ogres
  6 centaurs
  A human skeleton (Vaults:2)
  4 wolves (Lair:6)
  2 phantoms
  2 kobold brigands
  2 nameless horrors
  7 bullfrogs
  5 earth elementals
  2 wyvern zombies
  2 gnoll sergeants
  2 scorpions
  A water moccasin zombie (D:5)
  A wyvern skeleton (D:5)
  2 water moccasin skeletons (D:4)
  2 killer bees (Lair:3)
  2 lindwurm simulacra (IceCv)
  4 wights (D:9)
  7 electric eels
  4 crimson imps (D:5)
  A bullfrog zombie (D:7)
  4 hounds
  2 centaur zombies
  A gnoll shaman (D:9)
  3 jellies
  A bullfrog skeleton (D:7)
  7 orc priests
  Jessica (D:2)
  5 iguanas
  17 orc wizards
  A killer bee zombie (D:5)
  A hound skeleton (D:4)
  Robin (D:2)
  11 adders
  10 gnolls
  A shadow imp (D:7)
  2 adder skeletons (D:4)
  4 worms
  2 dart slugs
  43 orcs
  8 ball pythons
  5 bats
  8 endoplasms
  A giant cockroach (D:1)
  18 goblins
  7 hobgoblins
  4 quokkas
  3 training dummies (Orc:2)
  10 frilled lizards
  17 kobolds
  A quokka skeleton (D:4)
  6 rats
  A butterfly (Lair:6)
1228 creatures vanquished.

Vanquished Creatures (collateral kills)
  2 tentacled monstrosities (Vaults:5)
  A quicksilver dragon (Vaults:5)
  A tengu reaver (Vaults:5)
  Agnes (Spider:1)
  A vault warden (Vaults:2)
  2 very ugly things (Vaults:5)
  A broodmother (Spider:4)
  An ironbound thunderhulk (Vaults:4)
  3 eleionomae
  A deep elf annihilator (Elf:3)
  Snorg (Lair:4)
  2 deep elf death magi (Elf:3)
  Josephine (Lair:4)
  A fire dragon (Lair:6)
  5 hydras
  2 ogre magi
  A radroach (Spider:3)
  A jorogumo (Spider:4)
  A deep elf knight (Elf:3)
  2 slime creatures (D:14)
  A pharaoh ant (Spider:1)
  A hell knight (Vaults:5)
  2 bog bodies (Lair:2)
  A steelbarb worm (Spider:4)
  2 swamp dragons
  2 ironbound convokers
  3 orb spiders
  3 wizards
  7 orc sorcerers (Orc:2)
  An oklob plant (Lair:4)
  Joseph (D:9)
  5 elephants
  A cane toad (Lair:5)
  2 rime drakes
  A yaktaur (Vaults:1)
  3 komodo dragons (Lair:6)
  3 meliai
  4 hornets
  A bloated husk (Swamp:4)
  5 blink frogs
  3 tarantellas
  4 spriggans
  5 jumping spiders
  3 culicivoras
  3 wraiths
  18 yaks
  2 basilisks
  A vampire mosquito (Swamp:1)
  4 redbacks
  2 wargs
  3 acid dragons
  4 water moccasins
  6 orc warriors
  3 swamp drakes
  3 black bears (D:9)
  A wolf (Lair:6)
  2 centaurs
  A bullfrog (D:9)
  2 killer bees (Lair:3)
  2 nameless horrors
  An electric eel (Lair:3)
  4 orc priests
  An iguana (Lair:6)
  14 orc wizards
  4 gnolls
  24 orcs
200 creatures vanquished.

Vanquished Creatures (others)
  A deep elf blademaster (Elf:3)
  A deep elf high priest (Elf:3)
  4 hydras (Swamp:4)
  2 alligators (Swamp:4)
  2 deep elf knights (Elf:2)
  A swamp dragon (Swamp:4)
  A deep elf zephyrmancer (Elf:2)
  An ugly thing (Vaults:2)
  A vault sentinel (Vaults:3)
  A bloated husk (Swamp:1)
  A spriggan (Swamp:3)
  2 humans (D:14)
  An orc (D:15)
  26 foxfires
  40 fungi
  57 plants
  2 withered plants (D:15)
144 creatures vanquished.

Grand Total: 1572 creatures vanquished

Notes
Turn   | Place    | Note
-------+----------+-------------------------------------------
     0 | D:1      | erker the Gnoll Earth Elementalist began the quest for the
                  | Orb.
     0 | D:1      | Reached XP level 1. HP: 13/13 MP: 6/6
   232 | D:1      | Reached XP level 2. HP: 12/19 MP: 4/7
   235 | D:1      | Learned a level 2 spell: Passwall
   967 | D:1      | Reached XP level 3. HP: 25/25 MP: 9/9
  1090 | D:1      | Reached skill level 5 in Spellcasting
  1602 | D:2      | Noticed Jessica
  1613 | D:2      | Reached skill level 1 in Invocations
  1642 | D:2      | Killed Jessica
  1643 | D:2      | Reached skill level 1 in Fighting
  1643 | D:2      | Reached skill level 1 in Short Blades
  1643 | D:2      | Reached skill level 1 in Long Blades
  1643 | D:2      | Reached skill level 1 in Axes
  1643 | D:2      | Reached skill level 1 in Maces & Flails
  1643 | D:2      | Reached skill level 1 in Polearms
  1643 | D:2      | Reached skill level 1 in Staves
  1643 | D:2      | Reached skill level 1 in Slings
  1643 | D:2      | Reached skill level 1 in Bows
  1643 | D:2      | Reached skill level 1 in Crossbows
  1643 | D:2      | Reached skill level 1 in Throwing
  1643 | D:2      | Reached skill level 1 in Armour
  1643 | D:2      | Reached skill level 1 in Shields
  1643 | D:2      | Reached skill level 1 in Unarmed Combat
  1643 | D:2      | Reached skill level 1 in Evocations
  1643 | D:2      | Reached XP level 4. HP: 18/32 MP: 7/11
  2084 | D:2      | Reached skill level 1 in Conjurations
  2084 | D:2      | Reached skill level 1 in Hexes
  2084 | D:2      | Reached skill level 1 in Summonings
  2084 | D:2      | Reached skill level 1 in Necromancy
  2084 | D:2      | Reached skill level 1 in Translocations
  2084 | D:2      | Reached skill level 1 in Fire Magic
  2084 | D:2      | Reached skill level 1 in Ice Magic
  2084 | D:2      | Reached skill level 1 in Air Magic
  2084 | D:2      | Reached skill level 1 in Poison Magic
  2089 | D:2      | Learned a level 4 spell: Petrify
  2287 | D:2      | Noticed Robin
  2293 | D:2      | Killed Robin
  2303 | D:2      | Reached XP level 5. HP: 28/37 MP: 7/12
  3807 | D:4      | Reached skill level 2 in Invocations
  3807 | D:4      | Reached XP level 6. HP: 31/44 MP: 8/13
  3809 | D:4      | Noticed Sigmund
  3968 | D:4      | Found an opulent altar of Gozag.
  3968 | D:4      | Found an iron altar of Okawaru.
  3991 | D:4      | Reached skill level 5 in Dodging
  4237 | D:4      | Reached XP level 7. HP: 51/51 MP: 9/15
  4287 | D:4      | Killed Sigmund
  4288 | D:4      | Reached skill level 5 in Stealth
  4475 | D:4      | Found a snail-covered altar of Cheibriados.
  4500 | D:4      | Became a worshipper of Cheibriados the Contemplative
  4517 | D:4      | Reached skill level 3 in Invocations
  5069 | D:4      | Reached XP level 8. HP: 54/57 MP: 12/16
  5117 | D:5      | Entered Level 5 of the Dungeon
  5415 | D:5      | Noticed a two-headed ogre
  5711 | D:5      | Found a shimmering altar of Xom.
  5860 | D:5      | Reached * piety under Cheibriados
  6030 | D:5      | Reached skill level 4 in Invocations
  6151 | D:5      | Got Unauti's Papyrus of the Rocks
  6503 | D:6      | Found a staircase to the Ecumenical Temple.
  6543 | D:6      | Reached XP level 9. HP: 65/65 MP: 10/18
  6874 | D:6      | Found a burning altar of Makhleb.
  7129 | D:6      | Found a hazy altar of Hepliaklqana.
  7761 | D:7      | Found a sparkling altar of Nemelex Xobeh.
  7786 | D:7      | Identified the +0 kite shield "Dychar" {Fly rN+ Dex+4}
  7824 | D:7      | Found a white marble altar of Elyvilon.
  7863 | D:7      | Found a transporter.
  7876 | D:7      | Noticed a moth of wrath
  7877 | D:7      | Noticed a two-headed ogre
  7880 | D:7      | Noticed kthxbai's ghost (novice FoFi)
  7881 | D:7      | Found a bloodstained altar of Trog.
  7897 | D:7      | Found a transporter.
  8689 | D:8      | Reached skill level 5 in Invocations
  9051 | D:8      | Learned a level 4 spell: Summon Ice Beast
  9114 | D:8      | Found Takuygea's Magic Scroll Shoppe.
  9122 | D:8      | Bought a scroll of fog for 32 gold pieces
  9122 | D:8      | Bought a scroll of identify for 32 gold pieces
  9122 | D:8      | Bought a scroll of blinking for 120 gold pieces
  9174 | D:8      | Reached XP level 10. HP: 57/73 MP: 9/20
  9441 | D:8      | Reached ** piety under Cheibriados
  9442 | D:8      | Reached skill level 5 in Fighting
  9442 | D:8      | Reached skill level 5 in Short Blades
  9442 | D:8      | Reached skill level 5 in Long Blades
  9442 | D:8      | Reached skill level 5 in Axes
  9442 | D:8      | Reached skill level 5 in Maces & Flails
  9442 | D:8      | Reached skill level 5 in Polearms
  9442 | D:8      | Reached skill level 5 in Staves
  9442 | D:8      | Reached skill level 5 in Slings
  9442 | D:8      | Reached skill level 5 in Bows
  9442 | D:8      | Reached skill level 5 in Crossbows
  9442 | D:8      | Reached skill level 5 in Throwing
  9442 | D:8      | Reached skill level 5 in Armour
  9442 | D:8      | Reached skill level 5 in Shields
  9442 | D:8      | Reached skill level 5 in Unarmed Combat
  9442 | D:8      | Reached skill level 5 in Evocations
  9464 | D:8      | Identified the +5 chain mail of Zin's Outrage {rCorr Str+7
                  | SInv Stlth-}
 10503 | D:9      | Noticed Harold
 10667 | D:9      | Found a staircase to the Lair.
 10909 | D:9      | Reached skill level 5 in Transmutations
 11048 | D:9      | Noticed Joseph
 11088 | D:9      | Killed Joseph
 11089 | D:9      | Reached skill level 6 in Invocations
 11382 | D:9      | Learned a level 3 spell: Ozocubu's Armour
 11451 | D:9      | Noticed a two-headed ogre
 11508 | D:9      | Killed a two-headed ogre
 11520 | D:9      | Reached *** piety under Cheibriados
 11634 | D:9      | Reached XP level 11. HP: 81/81 MP: 22/22
 12189 | D:9      | Killed Harold
 12190 | D:9      | Reached skill level 5 in Conjurations
 12190 | D:9      | Reached skill level 5 in Hexes
 12190 | D:9      | Reached skill level 5 in Summonings
 12190 | D:9      | Reached skill level 5 in Necromancy
 12190 | D:9      | Reached skill level 5 in Translocations
 12190 | D:9      | Reached skill level 5 in Fire Magic
 12190 | D:9      | Reached skill level 5 in Ice Magic
 12190 | D:9      | Reached skill level 5 in Air Magic
 12190 | D:9      | Reached skill level 5 in Poison Magic
 12281 | D:10     | Entered Level 10 of the Dungeon
 12854 | D:10     | Noticed a two-headed ogre
 12866 | D:10     | Killed a two-headed ogre
 13441 | D:11     | You fall into a shaft and drop 3 floors!
 13540 | D:14     | Noticed a cyan ugly thing
 13548 | D:14     | Noticed a deep elf pyromancer
 13914 | D:13     | Noticed a brown ugly thing
 13920 | D:12     | Noticed a white ugly thing
 13934 | D:12     | Killed a white ugly thing
 13935 | D:12     | Reached skill level 7 in Invocations
 13997 | D:12     | Noticed a cyclops
 14005 | D:12     | Killed a cyclops
 14175 | D:11     | Noticed a boulder beetle
 14185 | D:11     | Killed a boulder beetle
 14326 | D:11     | Identified the +5 chain mail of Jabi {rElec}
 14328 | D:11     | Found a staircase to the Orcish Mines.
 14514 | D:12     | Noticed a deep elf pyromancer
 14533 | D:12     | Killed a deep elf pyromancer
 14659 | D:12     | Noticed a six-headed hydra
 14692 | D:12     | Noticed a skeletal warrior
 14692 | D:12     | Noticed a skeletal warrior
 14692 | D:12     | Noticed a skeletal warrior
 14693 | D:12     | Noticed a manticore
 14709 | D:12     | Noticed a boulder beetle
 14709 | D:12     | Noticed a boulder beetle
 14820 | Lair:1   | Entered Level 1 of the Lair of Beasts
 14963 | Lair:1   | Reached **** piety under Cheibriados
 15261 | Lair:1   | Reached XP level 12. HP: 48/89 MP: 19/24
 16249 | Lair:2   | Noticed Nergalle
 16254 | Lair:2   | Found a dark tunnel.
 16256 | Volcano  | Entered a volcano
 16305 | Volcano  | Learned a level 5 spell: Summon Mana Viper
 16447 | Volcano  | Noticed a stone giant
 16458 | Volcano  | Killed a stone giant
 16766 | Lair:2   | Found a staircase to the Swamp.
 16926 | Lair:2   | Noticed a four-headed hydra
 16936 | Lair:2   | Killed a three-headed hydra
 17331 | Lair:2   | You fall into a shaft and drop 2 floors!
 17417 | Lair:3   | Reached skill level 8 in Invocations
 17427 | Lair:2   | Learned a level 1 spell: Apportation
 18578 | Lair:3   | Found a hole to the Spider Nest.
 19035 | Lair:4   | Noticed Snorg
 19095 | Lair:4   | Noticed Josephine
 19117 | Lair:4   | Killed Josephine
 19126 | Lair:4   | Reached XP level 13. HP: 36/94 MP: 19/26
 19211 | Lair:4   | Killed Snorg
 20309 | Lair:4   | Reached skill level 9 in Invocations
 21167 | Lair:5   | Reached ***** piety under Cheibriados
 22361 | Lair:5   | Reached skill level 10 in Spellcasting
 22807 | Lair:6   | Entered Level 6 of the Lair of Beasts
 22894 | Lair:6   | Found a staircase to the Slime Pits.
 23152 | Lair:6   | Reached skill level 10 in Dodging
 23329 | Lair:6   | Found the amulet of Vitality {Regen+ HP+15}
 23333 | Lair:6   | Reached XP level 14. HP: 106/106 MP: 26/28
 24409 | Orc:1    | Entered Level 1 of the Orcish Mines
 24699 | Orc:2    | Entered Level 2 of the Orcish Mines
 24702 | Orc:2    | Found a staircase to the Elven Halls.
 24718 | Orc:2    | Reached skill level 10 in Stealth
 24851 | Orc:2    | Found Niqoahoz's Firing Range.
 24862 | Orc:2    | Reached ****** piety under Cheibriados
 25215 | Orc:2    | Paralysed by an orc sorcerer for 5 turns
 25228 | Orc:2    | Found Irotiaf's Magic Scroll Emporium.
 25262 | Orc:2    | Found a radiant altar of Vehumet.
 25281 | Orc:2    | Reached skill level 10 in Invocations
 25314 | Orc:2    | Found an ancient bone altar of Kikubaaqudgha.
 25462 | Orc:2    | Found Poko's Jewellery Emporium.
 25464 | Orc:2    | Found Nidwiedd's Antique Weapon Shoppe.
 25613 | Orc:2    | Found Veudecoa's Book Shoppe.
 26105 | Orc:2    | Learned a level 6 spell: Statue Form
 26354 | Spider:1 | Entered Level 1 of the Spider Nest
 26736 | Spider:1 | Noticed an emperor scorpion
 26753 | Spider:1 | Killed an emperor scorpion
 26951 | Spider:1 | Noticed Agnes
 26961 | Spider:1 | Killed Agnes
 27081 | Spider:1 | Identified the +2 leather armour of the Gate {Int+2}
 27268 | Spider:1 | Identified the +3 leather armour of the Candlemaker {Will-
                  | rCorr Int+5 Dex+2}
 27290 | Spider:1 | Reached XP level 15. HP: 115/115 MP: 20/29
 27455 | Spider:1 | Noticed Donald
 27510 | Spider:1 | Killed Donald
 27511 | Spider:1 | Reached skill level 10 in Earth Magic
 27544 | Spider:1 | Killed a ghost moth
 27555 | Spider:1 | Killed a ghost moth
 27556 | Spider:1 | Reached skill level 10 in Fighting
 27556 | Spider:1 | Reached skill level 10 in Short Blades
 27556 | Spider:1 | Reached skill level 10 in Long Blades
 27556 | Spider:1 | Reached skill level 10 in Axes
 27556 | Spider:1 | Reached skill level 10 in Maces & Flails
 27556 | Spider:1 | Reached skill level 10 in Polearms
 27556 | Spider:1 | Reached skill level 10 in Staves
 27556 | Spider:1 | Reached skill level 10 in Slings
 27556 | Spider:1 | Reached skill level 10 in Bows
 27556 | Spider:1 | Reached skill level 10 in Crossbows
 27556 | Spider:1 | Reached skill level 10 in Throwing
 27556 | Spider:1 | Reached skill level 10 in Armour
 27556 | Spider:1 | Reached skill level 10 in Shields
 27556 | Spider:1 | Reached skill level 10 in Unarmed Combat
 27556 | Spider:1 | Reached skill level 10 in Evocations
 27904 | Spider:2 | Reached skill level 11 in Invocations
 28163 | Spider:2 | Identified the +2 pair of gloves "Ylablioz" {-Tele Dex+8
                  | Slay+5}
 28776 | Spider:3 | Noticed an emperor scorpion
 28789 | Spider:3 | Killed an emperor scorpion
 28961 | Spider:3 | Killed a ghost moth
 29232 | Spider:3 | Killed a ghost moth
 30068 | Spider:4 | Entered Level 4 of the Spider Nest
 30291 | Spider:4 | Reached XP level 16. HP: 123/123 MP: 18/31
 30855 | Spider:4 | Noticed Nikola
 30893 | Spider:4 | Killed Nikola
 31447 | Spider:4 | Reached skill level 12 in Invocations
 31498 | Spider:4 | Got a gossamer rune of Zot
 31749 | Swamp:1  | Entered Level 1 of the Swamp
 32612 | Swamp:2  | Reached XP level 17. HP: 123/131 MP: 33/33
 32819 | Swamp:2  | Learned a level 5 spell: Borgnjor's Vile Clutch
 33465 | Swamp:3  | Reached skill level 10 in Transmutations
 33919 | Swamp:3  | Noticed a tentacled monstrosity
 33930 | Swamp:3  | Noticed a tentacled monstrosity
 33942 | Swamp:3  | Killed a tentacled monstrosity
 33946 | Swamp:3  | Killed a tentacled monstrosity
 33946 | Swamp:3  | Paralysed by a fenstrider witch for 5 turns
 33965 | Swamp:3  | Noticed a tentacled monstrosity
 33975 | Swamp:3  | Killed a tentacled monstrosity
 34095 | Swamp:4  | Entered Level 4 of the Swamp
 34157 | Swamp:4  | Found a runed translucent gate.
 34159 | Swamp:4  | Found a runed translucent gate.
 34161 | Swamp:4  | Noticed zielscheibe's ghost (adept DgIE)
 34163 | Swamp:4  | Found a runed translucent gate.
 34622 | Swamp:4  | Reached skill level 10 in Conjurations
 34622 | Swamp:4  | Reached skill level 10 in Hexes
 34622 | Swamp:4  | Reached skill level 10 in Summonings
 34622 | Swamp:4  | Reached skill level 10 in Necromancy
 34622 | Swamp:4  | Reached skill level 10 in Translocations
 34622 | Swamp:4  | Reached skill level 10 in Fire Magic
 34622 | Swamp:4  | Reached skill level 10 in Ice Magic
 34622 | Swamp:4  | Reached skill level 10 in Air Magic
 34622 | Swamp:4  | Reached skill level 10 in Poison Magic
 34632 | Swamp:4  | Noticed the 27-headed Lernaean hydra
 34658 | Swamp:4  | Killed the 24-headed Lernaean hydra
 34775 | Swamp:4  | Got a decaying rune of Zot
 35087 | Swamp:4  | Reached skill level 13 in Invocations
 35102 | Swamp:4  | Killed zielscheibe's ghost
 35108 | Swamp:4  | Identified the +1 scimitar of Starshine {venom, *Corrode
                  | rElec rN+ SInv}
 35628 | D:12     | Reached XP level 18. HP: 140/140 MP: 35/35
 36160 | D:13     | Found a gate to the Vaults.
 36441 | D:13     | Found a glowing silver altar of Zin.
 36874 | D:14     | Noticed Kirke
 36881 | D:14     | Killed Kirke
 37615 | D:15     | Entered Level 15 of the Dungeon
 37788 | D:15     | Found a staircase to the Depths.
 38536 | Vaults:1 | Entered Level 1 of the Vaults
 38886 | Vaults:1 | Reached XP level 19. HP: 148/148 MP: 35/36
 39186 | Vaults:1 | Reached skill level 14 in Invocations
 39412 | Vaults:1 | Learned a level 2 spell: Sublimation of Blood
 40644 | Vaults:2 | Paralysed by a great orb of eyes for 6 turns
 40807 | Vaults:2 | Found a runed translucent gate.
 40807 | Vaults:2 | Found a runed translucent gate.
 40807 | Vaults:2 | Noticed a golden dragon
 40808 | Vaults:2 | Found a runed translucent gate.
 40808 | Vaults:2 | Noticed jlumianski's ghost (veteran KoBe)
 40892 | Vaults:2 | Found Gozag's Antique Armour Shop.
 40895 | Vaults:2 | Found Gozag's Antique Weapon Shop.
 40919 | Vaults:2 | Found an opulent altar of Gozag.
 41088 | Vaults:2 | Found Gozag's Assorted Antiques.
 41170 | Vaults:2 | Reached XP level 20. HP: 90/155 MP: 38/38
 41320 | Vaults:2 | Found a staircase to the Crypt.
 42351 | Vaults:3 | Found Dohus's Antique Weapon Boutique.
 42531 | Vaults:3 | Reached skill level 15 in Invocations
 42969 | Vaults:4 | Found a flickering gateway to a bazaar.
 42997 | Bazaar   | Entered a bazaar
 43017 | Bazaar   | Found Epna's Antique Weapon Emporium.
 43017 | Bazaar   | Found Qitoufe's Magic Scroll Emporium.
 43051 | Bazaar   | Found Wunan's Assorted Antiques.
 43051 | Bazaar   | Found Weeh's General Store.
 43103 | Bazaar   | Bought a scroll of identify for 32 gold pieces
 43103 | Bazaar   | Bought a scroll of blinking for 120 gold pieces
 43103 | Bazaar   | Bought a scroll of identify for 32 gold pieces
 43103 | Bazaar   | Bought a scroll of identify for 32 gold pieces
 43103 | Bazaar   | Bought a scroll of identify for 32 gold pieces
 43103 | Bazaar   | Bought a scroll of identify for 32 gold pieces
 43146 | Bazaar   | Bought the +2 cloak of the Thief {*Fog Slay-2 SInv Stlth+}
                  | for 482 gold pieces
 43146 | Bazaar   | Found the +2 cloak of the Thief {*Fog Slay-2 SInv Stlth+}
 44460 | Elf:1    | Entered Level 1 of the Elven Halls
 44477 | Elf:1    | Reached XP level 21. HP: 165/165 MP: 39/39
 44856 | Elf:1    | Reached skill level 15 in Spellcasting
 44865 | Elf:1    | Got Kikubaaqudgha's Almanac of Dark Rites
 44951 | Elf:1    | You fall into a shaft and drop 1 floor!
 44999 | Elf:2    | Found a huge runed translucent gate.
 44999 | Elf:2    | Found a huge runed translucent gate.
 44999 | Elf:2    | Found a huge runed translucent gate.
 45000 | Elf:2    | Found a huge runed translucent gate.
 45001 | Elf:2    | Found a huge runed translucent gate.
 45058 | Elf:2    | Found a frozen archway.
 45086 | IceCv    | Entered an ice cave
 45110 | IceCv    | Found a transporter.
 45127 | IceCv    | Found a transporter.
 45341 | Elf:2    | Reached skill level 15 in Dodging
 45895 | Elf:2    | Reached skill level 15 in Stealth
 46332 | Elf:3    | Entered Level 3 of the Elven Halls
 46443 | Elf:3    | Found Yclih's Magic Scroll Boutique.
 46448 | Elf:3    | Found a shimmering blue altar of Sif Muna.
 46828 | Elf:3    | Learned a level 7 spell: Ozocubu's Refrigeration
 46881 | Elf:3    | Noticed Bai Suzhen
 46908 | Elf:3    | Killed Bai Suzhen
 47144 | Elf:3    | Identified the +8 war axe "Adykkes" {vorpal, Dex+6}
 47152 | Elf:3    | Identified the +13 chain mail of the Nexus {rPois MP+9
                  | Dex-5}
 47169 | Elf:3    | Reached skill level 16 in Invocations
 47183 | Elf:3    | Reached XP level 22. HP: 135/174 MP: 21/41
 47225 | Elf:3    | Identified the +5 spear of Reason {freeze, Str+8}
 47226 | Elf:3    | Identified the +11 long sword of Assadot {speed, +Blink rN+
                  | Dex-4}
 47332 | Elf:3    | Identified the +6 spear of Ogiulodi {vorpal, Drain rElec
                  | rCorr Dex+3}
 47395 | Elf:3    | Got Sif Muna's Handbook of Execration and Venom
 48017 | Orc:2    | Bought a book of the Moon for 640 gold pieces
 48026 | Orc:2    | Learned a level 8 spell: Lehudib's Crystal Spear
 48035 | Orc:2    | Learned a level 7 spell: Spellforged Servitor
 48397 | Vaults:5 | Entered Level 5 of the Vaults
 48402 | Vaults:5 | Reached skill level 15 in Shields
 48560 | Vaults:5 | Reached skill level 15 in Fighting
 48560 | Vaults:5 | Reached skill level 15 in Short Blades
 48560 | Vaults:5 | Reached skill level 15 in Long Blades
 48560 | Vaults:5 | Reached skill level 15 in Axes
 48560 | Vaults:5 | Reached skill level 15 in Maces & Flails
 48560 | Vaults:5 | Reached skill level 15 in Polearms
 48560 | Vaults:5 | Reached skill level 15 in Staves
 48560 | Vaults:5 | Reached skill level 15 in Slings
 48560 | Vaults:5 | Reached skill level 15 in Bows
 48560 | Vaults:5 | Reached skill level 15 in Crossbows
 48560 | Vaults:5 | Reached skill level 15 in Throwing
 48560 | Vaults:5 | Reached skill level 15 in Armour
 48560 | Vaults:5 | Reached skill level 15 in Unarmed Combat
 48560 | Vaults:5 | Reached skill level 15 in Evocations
 48580 | Vaults:5 | Found Bura's Distillery.
 48587 | Vaults:5 | Bought a potion of heal wounds for 70 gold pieces
 48591 | Vaults:5 | Noticed an ancient lich
 48596 | Vaults:5 | Killed an ancient lich
 48685 | Vaults:5 | Found Sezuroag's Distillery.
 48735 | Vaults:5 | Noticed an ancient lich
 48747 | Vaults:5 | HP: 3/247 [something/bolt of acid (50)]
 48747 | Vaults:5 | Slain by an ancient lich

Illustrated notes

Levels and vault maps discovered:
D:1:      mainiacjoe_arrival_reflecting_pool, layout_loops_ring,
          hangedman_decor_points
D:2:      layout_rooms, solitary_fountain, uniq_robin, uniq_jessica
D:3:      layout_rooms, chequers_avenue
D:4:      layout_cave_pools, mainiacjoe_overflow_divided_tiny,
          mainiacjoe_overflow_catwalk, kennysheep_generic_room_5, uniq_sigmund
D:5:      nicolae_cairo_tiling_very_big, layout_cave_pools, led_xom_imps
D:6:      layout_loops_ring, mainiacjoe_overflow_six_doors_small,
          lemuel_doored_altar, minmay_temple_entry_mini_moons,
          grunt_decor_arrowhead
D:7:      layout_cave_pools, elyvilon_altar_1, mainiacjoe_overflow_boulevard,
          gammafunk_ghost_wrathful_warriors, palyth_stone_intersect
D:8:      layout_layer_cave, serial_shops, shop
D:9:      layout_basic, due_lair_maze_entry_diamond, uniq_joseph, uniq_harold
D:10:     layout_gridville, st_stairs_5
D:11:     layout_rooms, orc_0_dummy
D:12:     evilmike_diamond_2, layout_rooms
D:13:     layout_long_grid, lightli_vaults_fourway_checkpoint, zin_treasury
D:14:     layout_irregular_city, dk_noncrumbling_4, uniq_kirke
D:15:     gammafunk_depths_entry_grave, layout_basic, minivault_16
Lair:1:   layout_loops_ring
Lair:2:   layout_hall_layers, skrybe_swamp_entry_bodies, enter_volcano_2,
          chequers_serial_rivers_micro_a, uniq_nergalle
Lair:3:   layout_chaotic_city, hellmonk_spider_entry_not_the_bees, serial_bayou,
          serial_bayou_crossing, serial_bayou_lake_a, serial_bayou_pond_e,
          serial_bayou_pond_e, disabler_island
Lair:4:   layout_cave_pods, st_stairs_10, uniq_snorg, uniq_josephine
Lair:5:   layout_cave_pods, grunt_megastairs_2, infiniplex_staircase_pool,
          lemuel_fruit_tree
Lair:6:   guppyfry_lair_end_dragon, layout_hall_layers, slime_dummy,
          lemuel_fruit_fields
Swamp:1:  layout_basic_swamp, evilmike_swamp_ruin_house_3
Swamp:2:  layout_basic_swamp, evilmike_swamp_ruin_rubble_1, swamp_pool4
Swamp:3:  nzn_winding_woodlands_three_and_one
          [nzn_winding_woodlands_5x15_pockets,
          nzn_winding_woodlands_5x15_river_crossing,
          nzn_winding_woodlands_5x15_lazy_stream,
          nzn_winding_woodlands_center_lodge], layout_basic_swamp,
          evilmike_swamp_ruin_rubble_2, swamp_pool3
Swamp:4:  swamp_old_school, layout_basic_swamp, gammafunk_ghost_hydra_chop
Spider:1: nicolae_spider_mines_2, uniq_donald, uniq_agnes
Spider:2: layout_spider_delve
Spider:3: layout_chambers, drop_trap, guppyfry_spider_mini_1
Spider:4: grunt_spider_rune_circles, uniq_nikola
Orc:1:    layout_caves, kennysheep_orc_sif_temple, uniq_maurice
Orc:2:    kennysheep_orc_mage_school, layout_caves, nicolae_shop_firing_range
Elf:1:    eino_elf_arrival_the_gate, layout_gridlike, minmay_elf_necromancy
Elf:2:    elven_hall_of_blades_hangedman_alternative
          [nicolae_blade_entry_sentries_behind_glass], layout_geoelf_octagon,
          portal_ice_cave_entry_ice_statue_one
Elf:3:    nooodl_elf_gasket, layout_geoelf_castle, basic_altar, serial_shops,
          shop, uniq_bai_suzhen
Vaults:1: v_misc_9, grunt_vaults_focal, vaults_dpeg_hooks, ontoclasm_vaults_eye,
          vaults_room_fours, v_rooms_1, v_misc_29, nicolae_vaults_asterisk,
          vaults_room_corners, layout_vaults_omnigrid
Vaults:2: gammafunk_ghost_split, v_pattern_1, v_misc_11, hangedman_vaults_trim,
          nicolae_vaults_asterisk, kennysheep_vaults_gozag_temple,
          v_alt_pattern_6, nicolae_vaults_shelves_hall,
          minmay_crypt_entry_simple_round, ontoclasm_vaults_pinch,
          v_alt_pattern_4, vaults_room_ringed_pool, vaults_mumra_chevron_long,
          ontoclasm_vaults_twist, ontoclasm_vaults_chip, layout_vaults_omnibox
Vaults:3: vaults_room_semicircle, nicolae_vaults_network_star, v_misc_1,
          vaults_room_fancy_cross, nicolae_vaults_little_squares_6,
          hangedman_vaults_stream, nicolae_vaults_specimen_jars, v_misc_14,
          dpeg_vaults_monster_row, vaults_room_grunt_arrival_checkpoint,
          ontoclasm_vaults_chip, layout_vaults_ring, serial_shops, shop
Vaults:4: ontoclasm_vaults_decontamination, nicolae_vaults_triangles,
          v_pattern_3, ontoclasm_vaults_gateway, grunt_vaults_funnel,
          nicolae_vaults_ring_of_whatevers, hangedman_vaults_locks,
          vaults_dpeg_cross, nicolae_vaults_mini_display_case,
          nicolae_vaults_network_square, v_misc_19, layout_vaults_maze_snakey,
          serial_shops, bzr_entry_gold
Vaults:5

Skill      XL: |  1  2  3  4  5  6  7  8  9 10 11 12 13 14 15 16 17 18 19 20 21 22 |
---------------+-------------------------------------------------------------------+-----
Transmutations | 2 3 4 5 6 7 8 9 10 11 12 13 | 13.0
Spellcasting   | 5 6 7 8 9 10 11 12 13 14 15 | 15.9
Invocations    | 1 2 3 4 5 6 7 8 9 10 11 12 13 14 15 16 | 16.4
Fighting       | 1 2 3 4 5 6 7 8 9 10 11 12 13 14 15 | 15.1
Short Blades   | 1 2 3 4 5 6 7 8 9 10 11 12 13 14 15 | 15.1
Long Blades    | 1 2 3 4 5 6 7 8 9 10 11 12 13 14 15 | 15.1
Axes           | 1 2 3 4 5 6 7 8 9 10 11 12 13 14 15 | 15.1
Maces & Flails | 1 2 3 4 5 6 7 8 9 10 11 12 13 14 15 | 15.1
Polearms       | 1 2 3 4 5 6 7 8 9 10 11 12 13 14 15 | 15.1
Staves         | 1 2 3 4 5 6 7 8 9 10 11 12 13 14 15 | 15.1
Slings         | 1 2 3 4 5 6 7 8 9 10 11 12 13 14 15 | 15.1
Bows           | 1 2 3 4 5 6 7 8 9 10 11 12 13 14 15 | 15.1
Crossbows      | 1 2 3 4 5 6 7 8 9 10 11 12 13 14 15 | 15.1
Throwing       | 1 2 3 4 5 6 7 8 9 10 11 12 13 14 15 | 15.1
Armour         | 1 2 3 4 5 6 7 8 9 10 11 12 13 14 15 | 15.1
Shields        | 1 2 3 4 5 6 7 8 9 10 11 12 13 14 15 | 15.5
Unarmed Combat | 1 2 3 4 5 6 7 8 9 10 11 12 13 14 15 | 15.1
Evocations     | 1 2 3 4 5 6 7 8 9 10 11 12 13 14 15 | 15.1
Conjurations   | 1 2 3 4 5 6 7 8 9 10 11 12 | 12.9
Hexes          | 1 2 3 4 5 6 7 8 9 10 11 12 | 12.9
Summonings     | 1 2 3 4 5 6 7 8 9 10 11 12 | 12.9
Necromancy     | 1 2 3 4 5 6 7 8 9 10 11 12 | 12.9
Translocations | 1 2 3 4 5 6 7 8 9 10 11 12 | 12.9
Fire Magic     | 1 2 3 4 5 6 7 8 9 10 11 12 | 12.9
Ice Magic      | 1 2 3 4 5 6 7 8 9 10 11 12 | 12.9
Air Magic      | 1 2 3 4 5 6 7 8 9 10 11 12 | 12.9
Poison Magic   | 1 2 3 4 5 6 7 8 9 10 11 12 | 12.9
Dodging        | 5 6 7 8 9 10 11 12 13 14 15 | 15.7
Stealth        | 5 6 7 8 9 10 11 12 13 14 15 | 15.7
Earth Magic    | 6 7 8 9 10 11 12 13 | 13.9

Action                   |  1- 3 |  4- 6 |  7- 9 | 10-12 | 13-15 | 16-18 | 19-21 | 22-24 || total
-------------------------+-------+-------+-------+-------+-------+-------+-------+-------++-------
Melee: Unarmed           |     4 |       |       |     8 |       |       |       |       ||    12
       Bite              |     7 |     8 |    37 |    34 |    62 |   161 |   170 |    23 ||   502
       Short sword       |    69 |    29 |       |       |       |       |       |       ||    98
       Punch             |     2 |     2 |     9 |    13 |    23 |    15 |     9 |       ||    73
       Dagger            |       |    74 |   196 |   185 |   150 |   105 |    36 |       ||   746
       Scimitar          |       |       |       |    24 |     1 |     6 |    28 |       ||    59
       Demon blade       |       |       |       |    18 |   143 |    48 |       |       ||   209
       Lajatang          |       |       |       |       |   192 |   639 |   916 |   108 ||  1855
 Fire: Shortbow          |       |       |       |     4 |       |       |       |       ||     4
       Arbalest          |       |       |       |    15 |     2 |       |       |       ||    17
Throw: Dart              |       |       |     2 |     4 |    12 |     9 |     1 |       ||    28
 Cast: Sandblast         |    16 |    43 |    65 |    62 |    93 |     8 |     1 |       ||   288
       Passwall          |     1 |     2 |     3 |    25 |    10 |     5 |     2 |       ||    48
       Petrify           |       |     1 |    26 |    39 |    42 |     6 |     3 |       ||   117
       Summon Ice Beast  |       |       |     1 |    47 |    69 |    29 |     6 |       ||   152
       Ozocubu's Armour  |       |       |       |    19 |    18 |       |       |       ||    37
       Summon Mana Viper |       |       |       |    16 |    64 |    39 |    26 |     7 ||   152
       Apportation       |       |       |       |     6 |     2 |       |       |       ||     8
       Statue Form       |       |       |       |       |    41 |    92 |    70 |     9 ||   212
       Ozocubu's Refrige |       |       |       |       |       |       |     7 |     2 ||     9
       Spellforged Servi |       |       |       |       |       |       |       |     5 ||     5
Invok: Slouch            |       |       |       |       |     1 |     7 |    12 |     1 ||    21
       Temporal Distorti |       |       |       |       |     1 |     1 |     1 |       ||     3
 Abil: End Transformatio |       |       |       |       |       |     1 |     2 |       ||     3
Evoke: Wand              |       |     1 |       |       |     3 |     7 |     6 |     1 ||    18
       Tin of tremorston |       |       |       |       |     1 |     1 |     1 |       ||     3
  Use: Scroll            |       |       |       |    16 |     8 |     6 |    10 |     6 ||    46
       Potion            |       |       |       |     1 |     4 |     1 |       |     2 ||     8
 Stab: Sleeping          |     6 |     6 |     8 |    19 |    31 |    27 |    25 |     1 ||   123
       Petrified         |       |     3 |    32 |    28 |    14 |     3 |     2 |       ||    82
       Petrifying        |       |       |     2 |     9 |     6 |       |     1 |       ||    18
       Distracted        |       |       |       |       |     9 |    22 |    29 |     6 ||    66
       Confused          |       |       |       |       |       |     1 |       |       ||     1
Armor: Robe              |     8 |    21 |    24 |    46 |    46 |    11 |     4 |       ||   160
       Skin              |       |       |       |       |   367 |   764 |   574 |    57 ||  1762
Dodge: Dodged            |    40 |    95 |   115 |   247 |  1043 |  1895 |  1637 |   176 ||  5248
